[Event "*** Titled Tuesday Blitz"]
[Site "Chess.com"]
[Date "2020.10.20"]
[Round "4"]
[White "OsorioFernando"]
[Black "romulocardoso"]
[Result "0-1"]
[WhiteElo "2280"]
[BlackElo "2098"]
[TimeControl "180+1"]
[EndTime "10:43:06 PDT"]
[Termination "romulocardoso won on time"]

1. e4 c5 2. Nc3 d6 3. g3 Nc6 4. Bg2 Nf6 5. d3 g6 6. h3 Bg7 7.
Be3 O-O 8. Qd2 Bd7 9. Bh6 a6 10. Bxg7 Kxg7 11. Nge2 Rc8 12. O-O b5 13. Rae1 b4 14.
Nd1 Qa5 15. Nc1 Nd4 16. f4 Ba4 17. c3 Nb5 18. e5 Nh5 19. g4 bxc3 20. bxc3 Bxd1 21.
Rxd1 Nxf4 22. Rxf4 dxe5 23. Re4 Qxc3 24. a4 Qxd2 25.
Rxd2 Nc3 26. Rxe5 Nxa4 27. Ra2 Nc3 28. Rxa6 e6 29. Ra3 Nb5 30. Ra5 Nd4 31. Rexc5 Rxc5 32. Rxc5 Rb8 33. Rc4 e5 34. Bf1 Rb1 35. Kf2 Rb2+ 36.
Ne2 f5 37. gxf5 gxf5 38. Rxd4 exd4 39. Kf3 Rb4 40. h4 Kf6 41. Bh3 Ke5 42. Ng3 f4 43.
Ne2 Rb3 44. Nxf4 Rb1 45. Bg2 Re1 46. Ne2 Rb1 47. Kf2 Rb3 48. Be4 h5 49. Ng3 Kf4 50.
Nxh5+ Kg4 51. Ng3 Rb2+ 52. Ne2 Kxh4 53. Kf3 Kg5 54. Nxd4 Rh2 55. Ne2 Rh3+ 56. Kf2 Kg4 57. Ke1 Rh2 58. Kd2 Kg5 59. Ke3 Rh3+ 60. Kd4 Kf6 61.
Nc3 Rh8 62. Nd5+ Ke6 63. Ke3 Rh3+ 64. Kd4 Kd6 65. Nf4 Rh8 66. Nd5 Ra8 67. Ke3 Ke5 68. Nb6 Rh8 69. Nc4+ Ke6 70. d4 Rh3+ 71. Bf3 Kf5 72. d5 Rh4 0-1

[Event "*** Titled Tuesday Blitz"]
[Site "Chess.com"]
[Date "2020.10.20"]
[Round "4"]
[White "TorFredrikKaasen"]
[Black "pedromartinez91"]
[Result "1/2-1/2"]
[WhiteElo "2703"]
[BlackElo "2486"]
[TimeControl "180+1"]
[EndTime "10:43:14 PDT"]
[Termination "Game drawn by repetition"]

1. d4 a6 2. c4 b5 3. Nf3 bxc4 4.
e4 Bb7 5. d5 Nf6 6. Nc3 c6 7.
Bxc4 cxd5 8. exd5 e6 9. O-O Qc8 10. Bb3 Bb4 11. Bg5 Bxc3 12. Rc1 Ne4 13. bxc3 O-O 14.
Be3 Bxd5 15. Bxd5 exd5 16. Qxd5 Qc6 17. Qd3 a5 18. Rfe1 Na6 19. Ne5 Qa4 20. Bd4 d5 21. c4 Qxa2 22. Ra1 Nb4 23. Rxa2 Nxd3 24. Nxd3 dxc4 25.
Rxe4 cxd3 26. Re3 Rfc8 27. f3 Rc1+ 28. Kf2 Rd1 29. Rxa5 Rd8 30. Ra2 h6 31. Bc3 d2 32.
Bxd2 R1xd2+ 33. Rxd2 Rxd2+ 34. Kg3 Rd6 35. h4 h5 36. Re5 g6 37. Ra5 Kg7 38. Kh3 Rd1 39.
Kg3 Rh1 40. Ra6 Rb1 41. Rc6 Rb5 42. Rc2 Rf5 43. Kh3 Kh6 44. Kg3 Rf6 45. Rc7 Kg7 46.
Rc8 Rf5 47. Kh3 Kf6 48. Rc3 Kg7 49. g4 Ra5 50. Kg3 Kg8 51. g5 Kg7 52. Rc7 Ra1 53.
Rb7 Rg1+ 54. Kh3 Rh1+ 55. Kg3 Rg1+ 56. Kh2 Rc1 57. Rb3 Rc4 58. Kg3 Rc5 59. f4 Rc1 60. Rb2 Rh1 61. Rb7 Rg1+ 62. Kh3 Rh1+ 63. Kg3 Rg1+ 64. Kh3 Rg4 65. Rb4 Kf8 66. Re4 f5 67.
Rb4 Kf7 68. Rb7+ Ke6 69. Rb6+ Kf7 70. Rb7+ Ke6 71. Rg7 Kd5 72. Rxg6 Ke4 73. Rh6 Kf3 74. Rxh5 Kf2 75. Kh2 Rg2+ 76. Kh3 Rg3+ 77. Kh2 Rg2+ 78. Kh3 Rg3+ 79. Kh2 Rg2+ 1/2-1/2

[Event "*** Titled Tuesday Blitz"]
[Site "Chess.com"]
[Date "2020.10.20"]
[Round "4"]
[White "Me_ch_an"]
[Black "Ind1anStar"]
[Result "1/2-1/2"]
[WhiteElo "2328"]
[BlackElo "2442"]
[TimeControl "180+1"]
[EndTime "10:43:17 PDT"]
[Termination "Game drawn by repetition"]

1. e4 e6 2. d4 d5 3. e5 c5 4.
c3 Nc6 5. g3 Qb6 6. Ne2 f6 7. Nf4 cxd4 8. Qh5+ Kd8 9. Ng6 dxc3 10. bxc3 Bc5 11. Nxh8 Bxf2+ 12. Kd1 Bd7 13. Ba3 Nxe5 14. Nf7+ Nxf7 15. Qxf7 Kc7 16. Nd2 Nh6 17.
Qe7 Nf5 18. Qb4 Qc6 19. Qf4+ e5 20. Qxf2 Qa4+ 21. Nb3 Qxa3 22. Qc5+ Qxc5 23. Nxc5 Bc6 24.
Kd2 Kd6 25. Nb3 d4 26. Rg1 dxc3+ 27. Kxc3 Rc8 28. Rd1+ Ke7 29. Kb2 Bf3 30. Rc1 Rd8 31. Bh3 Nd4 32. Nxd4 Rxd4 33. Rc7+ Kd6 34. Rd7+ Kc5 35.
Rxd4 Kxd4 36. Bg2 e4 37. Kc2 Ke3 38. Bh3 Kf2 39. Rf1+ Ke2 40. Rb1 b6 41. Kc3 e3 42.
Bf1+ Kf2 43. Bd3 e2 44. Bxe2 Bxe2 45. Rb2 Ke3 46. h4 f5 47. a4 h6 48. Rd2 g5 49.
hxg5 hxg5 50. Rd7 a6 51. Rb7 f4 52. gxf4 gxf4 53. Rxb6 f3 54. Re6+ Kf2 55. Kd2 Kg3 56.
Rf6 Bc4 57. Ke3 Be2 58. Rg6+ Kh4 59. Kf2 Kh5 60. Re6 Kg5 61. Re5+ Kf6 62. Rc5 Ke6 63.
a5 Kd6 64. Rg5 Kc6 65. Ke3 Kd6 66. Rf5 Kc6 67. Kd4 Kd6 68. Rf6+ Ke7 69. Ke5 Kd7 70. Kd5 Ke7 71. Rf4 Kd7 72. Rf7+ Ke8 73. Rf4 Ke7 74. Kc5 Ke6 75. Kd4 Kd6 76. Rf6+ Ke7 77. Rf4 Ke6 78. Rf8 Ke7 79. Rf4 Ke6 80. Rf8 Ke7 81.
Rf4 1/2-1/2

[Event "*** Titled Tuesday Blitz"]
[Site "Chess.com"]
[Date "2020.10.20"]
[Round "4"]
[White "Chernobay_Artem"]
[Black "SergeyShtyka"]
[Result "1-0"]
[WhiteElo "2578"]
[BlackElo "2264"]
[TimeControl "180+1"]
[EndTime "10:43:22 PDT"]
[Termination "Chernobay_Artem won on time"]

1. d4 c5 2. d5 e5 3. e4 d6 4. Nc3 Be7 5. Nf3 Bg4 6. h3 Bxf3 7. Qxf3 a6 8. a4 Bg5 9. Bxg5 Qxg5 10. Qg4 Qxg4 11. hxg4 h6 12. g5 Nd7 13. a5 h5 14. Ra3 g6 15. Rb3 O-O-O 16. Na4 f6 17. Nb6+ Nxb6 18. Rxb6 fxg5 19. Rh3 Nf6 20. Rhb3 Rh7 21.
f3 g4 22. fxg4 hxg4 23. Bd3 Rc7 24. c4 Rh7 25. Kf2 Nh5 26. Be2 Nf6 27. Ke3 Rh2 28.
Rxb7 Rxg2 29. Bd3 Nd7 30. Ra7 Rf8 31. Ra8+ Kc7 32. Rxf8 Nxf8 33. Rb6 Nd7 34. Rc6+ Kd8 35. Rxd6 Rxb2 36. Rxg6 g3 37. Rxa6 g2 38. Rg6 Ra2 39. Be2 Rxa5 40. Rxg2 Ra3+ 41. Bd3 Nb6 42. Rg8+ Ke7 43. Kd2 Ra2+ 44. Kc3 Ra3+ 45. Kc2 Ra2+ 46. Kb3 Rh2 47. Rg6 Nd7 48. Re6+ Kd8 49. Kc3 Rh3 50. Kd2 Rh2+ 51. Be2 Kc7 52. Ke3 Rh3+ 53. Bf3 Kd8 54. Kf2 Rh2+ 55. Bg2 Rh7 56. Kg3 Rg7+ 57. Kh2 Kc7 58.
Bh3 Rf7 59. Rc6+ Kd8 60. Bxd7 Kxd7 61. Rxc5 Rf4 62. Kg3 Rxe4 63. Kf3 Re1 64. Kf2 Re4 65. Rc6 Ke7 66. c5 Rd4 67. d6+ Ke6 68. Rc7 e4 69.
Re7+ Kf6 70. Ke3 Rc4 71. Rc7 Ke5 72. d7 Rc3+ 73. Ke2 Rd3 74. c6 Ke6 75. Rc8 Ke7 76.
Re8+ Kf7 77. d8=Q Rxd8 78. Rxd8 1-0

[Event "*** Titled Tuesday Blitz"]
[Site "Chess.com"]
[Date "2020.10.20"]
[Round "4"]
[White "teacher4chess"]
[Black "GMaka"]
[Result "0-1"]
[WhiteElo "2041"]
[BlackElo "2372"]
[TimeControl "180+1"]
[EndTime "10:43:32 PDT"]
[Termination "GMaka won on time"]

1. d4 Nf6 2. Nc3 d5 3. Bf4 c6 4. Nf3 g6 5. e3 Bg7 6. Bd3 O-O 7. O-O Bf5 8. Bxf5 gxf5 9. Ne5 e6 10. Bg5 Nbd7 11. Nxd7 Qxd7 12. Bxf6 Bxf6 13. f4 Kh8 14. Rf3 Rg8 15. Rh3 Rg6 16. Qh5 h6 17. Rf1 Rag8 18.
Rf2 c5 19. Qd1 b5 20. dxc5 Qc6 21. Ne2 Qxc5 22. Nd4 b4 23. Qd3 Qc4 24. Qxc4 dxc4 25. c3 bxc3 26. bxc3 Rb8 27. Rhf3 Rgg8 28. Rc2 Rb1+ 29.
Rf1 Rgb8 30. g3 a5 31. Rxb1 Rxb1+ 32. Kf2 a4 33. Nc6 a3 34. Na5 Rb2 35. Re2 Bxc3 36.
Nxc4 Rb1 37. Nxa3 Ra1 38. Nb5 Bf6 39. Nd4 Kg7 40. Nb3 Rb1 41. Kg2 Kg6 42. Rc2 h5 43.
Kf2 h4 44. Nd2 Ra1 45. Nf3 h3 46. Ne5+ Bxe5 47. fxe5 Rh1 48. Kf3 Kg5 49. a4 Ra1 50. Rc4 Ra2 51. Rh4 Rxh2 52. a5 Ra2 53. Rxh3 Rxa5 54.
Rh7 Rxe5 55. Rxf7 Re4 56. Re7 Kf6 57. Re8 Rg4 58. Rf8+ Ke5 59. Re8 Rb4 60. Rd8 Rb3 61.
Rd4 Kf6 62. Rd6 Ke7 63. Ra6 Kf6 64. Rc6 Ke5 65. Rc5+ Kd6 66. Ra5 e5 67. Ra6+ Kd5 68. Ra5+ Ke6 69. Ra6+ Kf7 70. Rc6 Rb2 71. Rc5 Kf6 72.
Rc6+ Kg5 73. Re6 e4+ 74. Rxe4 fxe4+ 75. Kxe4 Kg4 76. Kd4 Kxg3 77. e4 Kf4 78. e5 Re2 79. Kd5 Rxe5+ 0-1

[Event "*** Titled Tuesday Blitz"]
[Site "Chess.com"]
[Date "2020.10.20"]
[Round "4"]
[White "ScarpaChess"]
[Black "LubovMarkelova"]
[Result "1-0"]
[WhiteElo "2477"]
[BlackElo "2252"]
[TimeControl "180+1"]
[EndTime "10:43:52 PDT"]
[Termination "ScarpaChess won by resignation"]

1. d4 d5 2. c4 c6 3. Nf3 Nf6 4. e3 Bf5 5. Nc3 e6 6. Nh4 Be4 7. f3 Bg6 8. Qb3 Qc7 9. Bd2 Be7 10. g3 Nbd7 11. Rc1 Qb6 12. Nxg6 hxg6 13. Qxb6 axb6 14. a3 O-O 15. Kf2 Rfe8 16. cxd5 exd5 17. Bd3 b5 18. e4 dxe4 19. fxe4 Nb6 20. Na2 Rad8 21. Ba5 Rxd4 22. Ke3 Rxd3+ 23. Kxd3 Nc4 24. Bc3 Bc5 25. Rhe1 Rd8+ 26. Kc2 Ng4 27. Nb4 Nge3+ 28. Kb1 Bb6 29. Nc2 Ng4 30. Re2 Nge5 31. Bxe5 Nxe5 32. Rf1 Nc4 33. Ka1 Nd2 34. Rh1 Nb3+ 35. Ka2 Rd3 36. Rf1 Nc5 37. Nb4 Rd7 38. Ree1 Ne6 39. Rd1 Nd4 40.
Kb1 c5 41. Nd3 c4 42. Nf4 g5 43. Nd5 Bc5 44. Rd2 Nb3 45. Rdf2 Bxf2 46. Rxf2 Nd4 47.
Rd2 Nf3 48. Rf2 g4 49. h3 Ne5 50. hxg4 Nxg4 51. Rd2 Kf8 52. Kc2 Ne5 53. Kc3 Nc6 54. Rh2 Ne7 55. Rh8+ Ng8 56. Kb4 f6 57. Kxb5 Kf7 58.
Kxc4 Nh6 59. Rb8 f5 60. exf5 Nxf5 61. Nf4 Rd4+ 62. Kb5 Rd7 63. Kb6 Nd6 64. b4 g5 65.
Nh3 Kg6 66. Nf2 Kf5 67. Nd1 Nc4+ 68. Kc5 Rxd1 69. Kxc4 Rc1+ 70. Kb5 Rc3 71. a4 Rxg3 72. Rxb7 Rc3 73. a5 g4 74. Rg7 Kf4 75. Kb6 Ra3 76.
b5 Kf3 77. a6 g3 78. Kb7 g2 79.
b6 Kf2 80. Rxg2+ Kxg2 81. a7 Kf3 82. a8=Q Rxa8 83. Kxa8 Ke4 84. b7 Kd5 85. b8=Q Kc6 86. Qb7+ Kc5 87. Kb8 Kc4 88. Kc8 Kc3 89. Qb5 Kc2 90.
Qb4 Kd3 91. Qc5 Ke2 92. Qd4 Kf3 93. Qe5 Kg2 94. Qf4 Kh1 95. Qg5 Kh2 96. Kd7 Kh1 97. Ke6 Kh2 98. Ke5 1-0

[Event "*** Titled Tuesday Blitz"]
[Site "Chess.com"]
[Date "2020.10.20"]
[Round "4"]
[White "Manukyan_Artak"]
[Black "pirulillo"]
[Result "1-0"]
[WhiteElo "2409"]
[BlackElo "2215"]
[TimeControl "180+1"]
[EndTime "10:43:52 PDT"]
[Termination "Manukyan_Artak won by resignation"]

1. e4 c5 2. Nf3 e6 3. c3 Nc6 4.
d4 d5 5. e5 Qb6 6. a3 a5 7. a4 cxd4 8. cxd4 Nb4 9. Nc3 Ne7 10.
Nb5 Nec6 11. Be2 Be7 12. O-O O-O 13. Bg5 Bd7 14. Rc1 h6 15. Bxe7 Nxe7 16. Nd6 Nc8 17.
Nxc8 Raxc8 18. b3 Rxc1 19. Qxc1 Rc8 20. Qb1 Rc3 21. Rc1 Qc7 22. Rxc3 Qxc3 23. g4 Bc6 24. Kg2 g6 25. h4 Kg7 26. g5 h5 27. Qd1 Qc2 28. Ne1 Qxd1 29. Bxd1 b5 30. Nc2 Nd3 31.
axb5 Bxb5 32. Kf3 Nb4 33. Nxb4 axb4 34. Be2 Bc6 35. Ba6 Kf8 36. Ke3 Ke7 37. Kd2 Kd7 38. Kc2 Kc7 39. Kb2 Kb6 40. Be2 Bb5 41. Bd1 Ka5 42. f4 Kb6 43. Kc2 Be8 44. Bf3 Bd7 45. f5 Ka6 46. f6 Be8 47. Be2+ Kb6 48. Bd3 Kc7 49. Kd2 Kb6 50. Ke3 Kc7 51. Kf4 Kb6 52. Be2 Kc7 53. Bd1 Kb6 54. Bf3 Kc7 55.
Be2 Kb6 56. Bd1 Kc7 57. Bc2 Kb6 58. Bd3 Kc7 59. Bf1 Kb6 60. Bh3 Kc7 61. Bg2 Kb6 62. Ke3 Kc7 63. Bf3 Kb6 64. Be2 Kc7 65. Kd2 Kb6 66. Bd1 Kc7 67. Bc2 Kb6 68. Bd3 Kc7 69.
Be2 Kb6 70. Bf3 Kc7 71. Bg2 Kb6 72. Bh3 Kc7 73. Bf1 Kb6 74. Be2 Kc7 75. Ba6 Kb6 76.
Bc8 Kc7 77. Ba6 Kb6 78. Bd3 Kc7 79. Bc2 Kb6 80. Ke3 Kc7 81. Kf4 Kb6 82. Bd1 Kc7 83. Be2 Kb6 84. Bxh5 gxh5 85. g6 fxg6 86. Kg5 Kc7 87. Kh6 Kd7 88. Kg7 Kd8 89. f7 Bxf7 90.
Kxf7 Kd7 91. Kxg6 Ke7 92. Kxh5 Kf7 93. Kg5 Kg7 94. h5 Kf7 95. h6 Ke7 96. h7 1-0

[Event "*** Titled Tuesday Blitz"]
[Site "Chess.com"]
[Date "2020.10.20"]
[Round "5"]
[White "rugbyclub"]
[Black "RobPeresian"]
[Result "0-1"]
[WhiteElo "2193"]
[BlackElo "2424"]
[TimeControl "180+1"]
[EndTime "10:51:11 PDT"]
[Termination "RobPeresian won by resignation"]

1. e4 e5 2. Nf3 Nc6 3. d4 exd4 4. Nxd4 Nf6 5. Nxc6 bxc6 6. e5 Qe7 7. Qe2 Nd5 8. c4 Nb6 9. h4 h5 10. Bg5 Qe6 11. b3 Bc5 12. g3 Bd4 13. Bh3 Qxe5 0-1

[Event "*** Titled Tuesday Blitz"]
[Site "Chess.com"]
[Date "2020.10.20"]
[Round "5"]
[White "pfalcon1949"]
[Black "ajedrezhoy"]
[Result "0-1"]
[WhiteElo "1980"]
[BlackElo "2219"]
[TimeControl "180+1"]
[EndTime "10:51:37 PDT"]
[Termination "ajedrezhoy won by resignation"]

1. c4 e5 2. Nc3 Nc6 3. g3 f5 4. Bg2 Nf6 5. d3 Bc5 6. e4 d6 7. Nge2 O-O 8. O-O a5 9. Bg5 h6 10. Bxf6 Qxf6 11. Nd5 Qd8 12. exf5 Bxf5 13. Be4 Bh3 14.
Bg2 Bg4 15. Ne3 Bh5 16. Kh1 Nd4 17. Nxd4 Bxd1 0-1

[Event "*** Titled Tuesday Blitz"]
[Site "Chess.com"]
[Date "2020.10.20"]
[Round "5"]
[White "TurboSteen"]
[Black "SerLanselot"]
[Result "0-1"]
[WhiteElo "2033"]
[BlackElo "2225"]
[TimeControl "180+1"]
[EndTime "10:52:27 PDT"]
[Termination "SerLanselot won by resignation"]

1. e4 d6 2. d4 g6 3. Nc3 Nf6 4. Be3 Bg7 5. Qd2 c6 6. O-O-O Nbd7 7. Bh6 Bxh6 8. Qxh6 Qa5 9. Kb1 b5 10. Bd3 b4 11. Nce2 Rb8 12. f4 Nb6 13. e5 dxe5 14.
dxe5 Nfd5 15. Qg7 Rf8 16. Qxh7 Na4 17. Bc4 Nac3+ 18. bxc3 bxc3+ 19. Bb3 Qa3 20. Nxc3 Nxc3+ 21. Ka1 Rxb3 0-1

[Event "*** Titled Tuesday Blitz"]
[Site "Chess.com"]
[Date "2020.10.20"]
[Round "5"]
[White "talman67"]
[Black "sergiochess83"]
[Result "0-1"]
[WhiteElo "2525"]
[BlackElo "2750"]
[TimeControl "180+1"]
[EndTime "10:52:31 PDT"]
[Termination "sergiochess83 won by resignation"]

1. e4 c5 2. Nf3 d6 3. d4 cxd4 4. Nxd4 Nf6 5. Nc3 a6 6. h3 e6 7. g4 Be7 8. g5 Nfd7 9. Be3 b5 10. a3 Bb7 11. h4 Nc6 12. Nxc6 Bxc6 13. Qd4 O-O 14. O-O-O Rb8 15. f4 Qa5 16. Qd2 b4 17. axb4 Rxb4 18. Bd3 Qa1+ 0-1

[Event "*** Titled Tuesday Blitz"]
[Site "Chess.com"]
[Date "2020.10.20"]
[Round "5"]
[White "annamaja"]
[Black "BigAl"]
[Result "0-1"]
[WhiteElo "2288"]
[BlackElo "2467"]
[TimeControl "180+1"]
[EndTime "10:52:35 PDT"]
[Termination "BigAl won by resignation"]

1. e4 c6 2. d4 d5 3. exd5 cxd5 4. Nf3 Nc6 5. Bd3 Bg4 6. c3 e6 7. O-O Bd6 8. h3 Bh5 9. Nbd2 Nge7 10. Re1 h6 11.
Nf1 Qc7 12. g4 Bg6 13. Bxg6 Nxg6 14. Ng3 Bxg3 15. fxg3 Qxg3+ 16. Kh1 Qxh3+ 17. Nh2 Qg3 18. Qb3 Qxe1+ 19. Kg2 Qe4+ 20. Kg1 Nh4 0-1

[Event "*** Titled Tuesday Blitz"]
[Site "Chess.com"]
[Date "2020.10.20"]
[Round "5"]
[White "Infernal_XaM"]
[Black "slavenok"]
[Result "1-0"]
[WhiteElo "2866"]
[BlackElo "2741"]
[TimeControl "180+1"]
[EndTime "10:52:53 PDT"]
[Termination "Infernal_XaM won by resignation"]

1. d4 d5 2. c4 e6 3. Nf3 Nf6 4. Bg5 Bb4+ 5. Nbd2 h6 6. Bxf6 Qxf6 7. e3 O-O 8. a3 Bxd2+ 9. Qxd2 dxc4 10. Bxc4 b6 11. Rc1 Bb7 12. Be2 Rc8 13. b4 Nd7 14. O-O Bd5 15. Rc3 c5 16. dxc5 bxc5 17. Rfc1 c4 18. e4 Bc6 19. Rxc4 e5 20. b5 1-0

[Event "*** Titled Tuesday Blitz"]
[Site "Chess.com"]
[Date "2020.10.20"]
[Round "5"]
[White "enriquebutti"]
[Black "Kolle05"]
[Result "0-1"]
[WhiteElo "1999"]
[BlackElo "2299"]
[TimeControl "180+1"]
[EndTime "10:53:11 PDT"]
[Termination "Kolle05 won by resignation"]

1. d4 Nf6 2. Nf3 g6 3. c4 Bg7 4. Nc3 O-O 5. Bg5 d6 6. e3 h6 7. Bh4 Nbd7 8. Be2 c5 9. O-O b6 10. Qc2 Bb7 11. Rad1 Rc8 12. d5 a6 13. a4 Qc7 14.
Nd2 Rfe8 15. f4 e6 16. dxe6 Rxe6 17. f5 Rxe3 18. fxg6 fxg6 19. Qxg6 Rf8 20. Bd3 Ne5 0-1

[Event "*** Titled Tuesday Blitz"]
[Site "Chess.com"]
[Date "2020.10.20"]
[Round "5"]
[White "gumimis"]
[Black "niki_2003"]
[Result "1-0"]
[WhiteElo "2287"]
[BlackElo "1836"]
[TimeControl "180+1"]
[EndTime "10:53:44 PDT"]
[Termination "gumimis won by resignation"]

1. e4 c5 2. Nf3 d6 3. d4 cxd4 4. Nxd4 Nf6 5. Nc3 g6 6. Be3 Bg7 7. f3 Nc6 8. Qd2 O-O 9. g4 d5 10. g5 dxe4 11. gxf6 Bxf6 12. O-O-O exf3 13. Nxf3 Bg4 14. Qg2 Bxf3 15. Rxd8 Bxg2 16. Rxf8+ Kxf8 17. Bxg2 Kg7 18. Nd5 e6 19. Nxf6 Kxf6 20. Bxc6 bxc6 21. Rd1 1-0

[Event "*** Titled Tuesday Blitz"]
[Site "Chess.com"]
[Date "2020.10.20"]
[Round "5"]
[White "Playgood28"]
[Black "MoreChessJulia"]
[Result "1-0"]
[WhiteElo "2296"]
[BlackElo "1994"]
[TimeControl "180+1"]
[EndTime "10:53:48 PDT"]
[Termination "Playgood28 won by resignation"]

1. d4 g6 2. c4 Bg7 3. Nc3 c5 4. d5 Bxc3+ 5. bxc3 f5 6. h3 d6 7. Nf3 Nf6 8. Bh6 Nbd7 9. e3 Qa5 10. Qc2 Ne4 11. Bd3 Qxc3+ 12. Qxc3 Nxc3 13. Bg7 Rg8 14. Bxc3 b6 15. O-O Bb7 16. Rfe1 O-O-O 17. e4 f4 18. e5 b5 19. exd6 exd6 20. Ng5 bxc4 21. Bxc4 Nb6 22. Be2 Nxd5 23. Ba5 Rde8 24. Rab1 h6 25. Nf7 Re6 26.
Bg4 1-0

[Event "*** Titled Tuesday Blitz"]
[Site "Chess.com"]
[Date "2020.10.20"]
[Round "5"]
[White "GMTalks_Youtube"]
[Black "Rubinstein_Akiba"]
[Result "1-0"]
[WhiteElo "2615"]
[BlackElo "2381"]
[TimeControl "180+1"]
[EndTime "10:53:54 PDT"]
[Termination "GMTalks_Youtube won by resignation"]

1. e4 c5 2. Nf3 d6 3. Bb5+ Bd7 4. a4 Nf6 5. d3 e6 6. O-O Be7 7. Re1 O-O 8. Nbd2 a6 9. Bc4 Nc6 10. c3 Rb8 11. d4 b5 12. axb5 axb5 13. Bd3 cxd4 14.
cxd4 e5 15. Nb3 Nb4 16. Bb1 Nc6 17. d5 Nb4 18. Bd2 Nbxd5 19. exd5 Nxd5 20. Ba5 Nc7 21. Qc2 Bf5 22. Qxc7 1-0

[Event "*** Titled Tuesday Blitz"]
[Site "Chess.com"]
[Date "2020.10.20"]
[Round "5"]
[White "Colombiano07"]
[Black "canary2016"]
[Result "1-0"]
[WhiteElo "2211"]
[BlackElo "1940"]
[TimeControl "180+1"]
[EndTime "10:53:54 PDT"]
[Termination "Colombiano07 won by checkmate"]

1. c4 c6 2. Nc3 d5 3. cxd5 cxd5 4. d4 Nc6 5. Bf4 Nf6 6. e3 Bf5 7. Qb3 Qd7 8. Nf3 e6 9. Bb5 Rc8 10. Ne5 Qd8 11. Qa4 Qb6 12. O-O Bb4 13. Qxb4 a6 14.
Bxc6+ Rxc6 15. Qxb6 Rxb6 16. Na4 Rb4 17. b3 Ne4 18. Rac1 O-O 19. Nc5 Nd2 20. Rfd1 Ne4 21. Nxe4 Bxe4 22. f3 Bf5 23. g4 Bg6 24. h4 h6 25. Nxg6 fxg6 26. Bd6 Rxf3 27. Bxb4 Rxe3 28. Bd6 Re4 29. Be5 Rxg4+ 30. Kf2 Rxh4 31. Rc7 Re4 32.
Rxg7+ Kf8 33. Rxg6 h5 34. Rxe6 h4 35. Rh6 Kf7 36.
Rc1 Rg4 37. Rc7+ Kg8 38. Rh8# 1-0

[Event "*** Titled Tuesday Blitz"]
[Site "Chess.com"]
[Date "2020.10.20"]
[Round "5"]
[White "Stalri"]
[Black "Ladislav1969"]
[Result "1-0"]
[WhiteElo "2183"]
[BlackElo "2415"]
[TimeControl "180+1"]
[EndTime "10:53:56 PDT"]
[Termination "Stalri won by resignation"]

1. d4 Nf6 2. c4 g6 3. Nc3 d5 4.
e3 Bg7 5. Nf3 O-O 6. h4 c5 7. h5 cxd4 8. exd4 Bg4 9. hxg6 hxg6 10. cxd5 Nxd5 11. Bh6 Nxc3 12. bxc3 Bxh6 13. Rxh6 Qd5 14.
Be2 Nd7 15. Qd2 Nf6 16. c4 Qe4 17. Rh4 Kg7 18. Qh6+ 1-0

[Event "*** Titled Tuesday Blitz"]
[Site "Chess.com"]
[Date "2020.10.20"]
[Round "5"]
[White "MarceloPlaya"]
[Black "Volodar_Murzin"]
[Result "0-1"]
[WhiteElo "2299"]
[BlackElo "2614"]
[TimeControl "180+1"]
[EndTime "10:54:06 PDT"]
[Termination "Volodar_Murzin won by resignation"]

1. e4 c5 2. Nf3 d6 3. d4 cxd4 4. Nxd4 Nf6 5. Nc3 a6 6. Bg5 Nbd7 7. f4 Qc7 8. Qf3 h6 9. Bh4 g5 10. fxg5 hxg5 11. Bxg5 Qc5 12. Bxf6 Nxf6 13. Nf5 e6 14. Ne3 Nd7 15. O-O-O Ne5 16. Qg3 Bh6 17. Re1 b5 18. Kb1 Bb7 19. Ng4 Nxg4 20. Qxg4 Bd2 21. Rd1 Bxc3 22.
bxc3 Qxc3 23. Rxd6 Qb4+ 0-1

[Event "*** Titled Tuesday Blitz"]
[Site "Chess.com"]
[Date "2020.10.20"]
[Round "5"]
[White "eljanov"]
[Black "Fy_Rakotomaharo"]
[Result "1/2-1/2"]
[WhiteElo "2881"]
[BlackElo "2647"]
[TimeControl "180+1"]
[EndTime "10:54:09 PDT"]
[Termination "Game drawn by repetition"]

1. e4 c5 2. Nf3 e6 3. d4 cxd4 4. Nxd4 Nf6 5. Nc3 Nc6 6. g3 d6 7. Bg2 Be7 8. O-O O-O 9. Be3 Bd7 10. Ndb5 Qb8 11. h3 a6 12. Nd4 Qc7 13. g4 h6 14. Qe2 b5 15. a3 Rac8 16. Rad1 Na5 17. Rd3 Nc4 18. Bc1 Qb6 19. Kh1 a5 20. Nd1 Ne5 21.
Rd2 Nc4 22. Rd3 Ne5 23. Rd2 Nc4 24. Rd3 1/2-1/2

[Event "*** Titled Tuesday Blitz"]
[Site "Chess.com"]
[Date "2020.10.20"]
[Round "5"]
[White "Hikaru"]
[Black "Zkid"]
[Result "1-0"]
[WhiteElo "3221"]
[BlackElo "2822"]
[TimeControl "180+1"]
[EndTime "10:54:10 PDT"]
[Termination "Hikaru won by resignation"]

1. e4 c5 2. Nf3 Nc6 3. c3 Nf6 4. e5 Nd5 5. d4 cxd4 6. Bc4 Nb6 7. Bb3 d5 8. exd6 Qxd6 9. Na3 dxc3 10. Qe2 Be6 11. Nb5 Qd7 12. Bxe6 fxe6 13. O-O cxb2 14. Bxb2 Nd5 15. Rad1 a6 16. Nbd4 Nxd4 17. Nxd4 e5 18. Qh5+ g6 19. Qxe5 O-O-O 20. Rc1+ Nc7 21. Ne6 1-0

[Event "*** Titled Tuesday Blitz"]
[Site "Chess.com"]
[Date "2020.10.20"]
[Round "5"]
[White "TudorAnton"]
[Black "Keures"]
[Result "1-0"]
[WhiteElo "2482"]
[BlackElo "2300"]
[TimeControl "180+1"]
[EndTime "10:54:21 PDT"]
[Termination "TudorAnton won by resignation"]

1. Nf3 Nf6 2. c4 Nc6 3. d4 e6 4. d5 exd5 5. cxd5 Nb8 6. Nc3 Bb4 7. Bg5 O-O 8. Qd4 Be7 9. e4 d6 10. Be2 Nfd7 11. Bxe7 Qxe7 12. O-O Ne5 13. Nxe5 Qxe5 14. Qxe5 dxe5 15. Nb5 Na6 16. Rac1 c6 17. dxc6 bxc6 18. Nd6 Nb4 19. a3 Nd5 20. exd5 cxd5 21. Nxc8 Raxc8 22. Rxc8 Rxc8 23. Rd1 d4 24. Bd3 g6 25. g4 a5 26.
g5 Kg7 27. Kg2 h6 28. h4 hxg5 29. hxg5 Rb8 30. Rd2 Rb3 31. Kf3 f5 32. gxf6+ Kxf6 33. Ke4 Rb6 34. Rc2 Re6 35. Rc8 Rb6 36. Rc2 Re6 37.
b4 axb4 38. axb4 Ke7 39. b5 Rf6 40. Rc7+ Kd6 41. Rc6+ Ke7 42. Rxf6 Kxf6 43. b6 1-0

[Event "*** Titled Tuesday Blitz"]
[Site "Chess.com"]
[Date "2020.10.20"]
[Round "5"]
[White "gagtemp"]
[Black "BJthechessgod"]
[Result "0-1"]
[WhiteElo "1948"]
[BlackElo "2203"]
[TimeControl "180+1"]
[EndTime "10:54:27 PDT"]
[Termination "BJthechessgod won by resignation"]

1. e4 c5 2. Nf3 e6 3. d4 cxd4 4. Nxd4 Nc6 5. Nc3 Qc7 6. Be3 a6 7. Bd3 Nf6 8. O-O Be7 9. Kh1 O-O 10. f4 b5 11. a3 Bb7 12. Qf3 Qd8 13. Qh3 h6 14. Nf3 d5 15. e5 Nd7 16. f5 Ndxe5 17.
fxe6 Nxd3 18. exf7+ Rxf7 19. cxd3 d4 20. Bxh6 dxc3 21.
Qe6 Qc8 22. Qg6 Qf5 23. Qg3 Kh8 24. Be3 cxb2 25. Rae1 Qxd3 26. Rd1 0-1

[Event "*** Titled Tuesday Blitz"]
[Site "Chess.com"]
[Date "2020.10.20"]
[Round "5"]
[White "anpospan"]
[Black "Mikhail_Golubev"]
[Result "0-1"]
[WhiteElo "2368"]
[BlackElo "2530"]
[TimeControl "180+1"]
[EndTime "10:54:29 PDT"]
[Termination "Mikhail_Golubev won by resignation"]

1. Nf3 d6 2. g3 g6 3. Bg2 Bg7 4. O-O e5 5. c4 Nc6 6. Nc3 f5 7. d3 h6 8. Rb1 a5 9. a3 g5 10. Bd2 Nf6 11. b4 axb4 12. axb4 O-O 13. b5 Ne7 14. b6 c6 15. d4 e4 16. Ne1 Be6 17. c5 dxc5 18. dxc5 Qd4 19. Be3 Qxc3 20.
Qd6 Kf7 21. Bd4 Qc4 22. e3 Rfd8 23. Qc7 Rd7 24. Qe5 Ne8 0-1

[Event "*** Titled Tuesday Blitz"]
[Site "Chess.com"]
[Date "2020.10.20"]
[Round "5"]
[White "Lion-Al-Messi"]
[Black "SantoBlue"]
[Result "0-1"]
[WhiteElo "2570"]
[BlackElo "2777"]
[TimeControl "180+1"]
[EndTime "10:54:32 PDT"]
[Termination "SantoBlue won by resignation"]

1. e4 c5 2. Nf3 e6 3. d4 cxd4 4.
Nxd4 a6 5. Bd3 Nf6 6. O-O d6 7. c4 b6 8. Nc3 Bb7 9. Qe2 Be7 10.
f3 Nbd7 11. Be3 O-O 12. Rac1 Rc8 13. b3 Re8 14. Bf2 Qc7 15. Bb1 Qb8 16. Rfd1 Bd8 17. Qd2 Bc7 18. f4 Nc5 19. Re1 d5 20. e5 Nfe4 21. Nxe4 Nxe4 22. Bxe4 dxe4 23. Qc3 b5 24. c5 Bd5 25. Qg3 Kh8 26. b4 Rg8 27. Qh4 Bd8 28.
Qg3 g5 29. f5 Bc7 30. Qg4 Bxe5 31. fxe6 fxe6 32. Nxe6 Rc6 33. Nd4 Bxh2+ 34. Kf1 Rf6 35. Nf5 Rgf8 36. Bd4 Be5 0-1